[Event "Oregon Closed 2015"]
[Site "Portland"]
[Date "2015.02.16"]
[Round "9"]
[White "Haessler, Carl"]
[Black "Seitzer, Phillip"]
[Result "1-0"]
[ECO "B50"]
[WhiteElo "2213"]
[BlackElo "217"]
[Annotator "Alpernas,Grisha"]
[PlyCount "71"]
[TimeControl "40/120, SD/60;d5"]

1. e4 c5 2. Nf3 d6 3. c3 Nf6 4. Bd3 Nc6 5. Bc2 g6 6. O-O
Bg7 7. h3 O-O 8. d4 cxd4 9. cxd4 d5 10. e5 Ne4 11. Re1 f5 12. exf6 Nxf6 13. Nc3
Kh8 14. Bg5 Bf5 15. Bxf5 gxf5 16. Qb3 Ne4 17. Rad1 Nxg5 18. Nxg5 Nxd4 19. Qxb7
Rb8 20. Qxe7 Qxe7 21. Rxe7 Nc6 22. Rxg7 Kxg7 23. Ne6+ Kf7 24. Nxf8 Kxf8 25.
Rxd5 Rxb2 26. Rxf5+ Kg7 27. Rc5 Rb6 28. Kh2 Kf7 29. f4 Ra6 30. a4 Nd4 31. Kg3
Ne6 32. Rc4 Rd6 33. Ne4 Rd3+ 34. Kh4 Nxf4 35. Ng5+ Kg6 36. Rxf4 1-0

[Event "Oregon Closed 2015"]
[Site "Portland"]
[Date "2015.02.16"]
[Round "9"]
[White "Raptis, Nick"]
[Black "Bjorksten, Lennart"]
[Result "1/2-1/2"]
[ECO "A32"]
[WhiteElo "2389"]
[BlackElo "2147"]
[Annotator "Alpernas,Grisha"]
[PlyCount "133"]
[TimeControl "40/120, SD/60;d5"]

1. d4 Nf6 2. c4 e6 3. g3 c5 4. Nf3 cxd4 5. Nxd4 Nc6 6.
Nxc6 bxc6 7. Bg2 Bb4+ 8. Bd2 Bxd2+ 9. Nxd2 Rb8 10. b3 O-O 11. O-O d5 12. e4 Ba6
13. Qc2 e5 14. exd5 cxd5 15. Rfe1 dxc4 16. Nxc4 Rc8 17. Rad1 Qc7 18. Bh3 Rcd8
19. Ne3 Qxc2 20. Nxc2 Bc8 21. Bxc8 Rxd1 22. Rxd1 Rxc8 23. Ne3 Kf8 24. Rd6 Ne4
25. Rd7 a6 26. Nc4 Nc5 27. Ra7 f6 28. Ne3 Rc6 29. Kg2 Nd3 30. Rd7 Ne1+ 31. Kf1
Nf3 32. Kg2 Nd4 33. Nc4 Nb5 34. Rb7 Rc7 35. Rb6 Ra7 36. a4 Nd4 37. b4 Ke7 38.
Ne3 Kd7 39. h4 Kc7 40. Nd5+ Kd7 41. h5 h6 42. g4 Ke8 43. Ne3 Kf7 44. Nf5 Ne2
45. Nd6+ Kg8 46. Rb8+ Kh7 47. b5 axb5 48. axb5 Rd7 49. Nf5 g6 50. Ne3 gxh5 51.
gxh5 Nf4+ 52. Kf3 Nxh5 53. b6 Ng7 54. Nc4 Ne6 55. Na5 Nd8 56. b7 f5 57. Rxd8
Rxd8 58. Nc6 Rd3+ 59. Kg2 Rb3 60. b8=Q Rxb8 61. Nxb8 Kg6 62. Nd7 e4 63. Ne5+
Kg5 64. Nf7+ Kf4 65. Nxh6 e3 66. fxe3+ Kxe3 67. Nxf5+ 1/2-1/2

[Event "Oregon Closed 2015"]
[Site "Portland"]
[Date "2015.02.14"]
[Round "5"]
[White "Raptis, Nick"]
[Black "Grabinsky, Aaron"]
[Result "1/2-1/2"]
[ECO "A30"]
[WhiteElo "2389"]
[BlackElo "2316"]
[Annotator "Alpernas,Grisha"]
[PlyCount "76"]
[TimeControl "40/120, SD/60;d5"]

1. Nf3 e6 2. c4 Nf6 3. g3 b6 4. Bg2 Bb7 5. Nc3 Be7 6. O-O
c5 7. d4 cxd4 8. Qxd4 d6 9. Rd1 O-O 10. b3 Nbd7 11. e4 a6 12. Ba3 Nc5 13. e5
dxe5 14. Qxe5 Qc8 15. Bb2 Rd8 16. Rxd8+ Qxd8 17. Rd1 Qb8 18. Qxb8+ Rxb8 19. Ne5
Bxg2 20. Kxg2 Rd8 21. Rxd8+ Bxd8 22. b4 Nb7 23. Na4 b5 24. Nc3 bxc4 25. Nxc4
Kf8 26. a4 Nd7 27. Ba3 Be7 28. b5 axb5 29. Bxe7+ Kxe7 30. Nxb5 Nb8 31. f4 f6
32. g4 Kd7 33. Nd4 Nc5 34. a5 Nc6 35. Nb5 Nb8 36. Nd4 Nc6 37. Nb5 Nb8 38. Nd4
Nc6 1/2-1/2

[Event "Oregon Closed 2015"]
[Site "Portland"]
[Date "2015.02.07"]
[Round "2"]
[White "Raptis, Nick"]
[Black "Haessler, Carl"]
[Result "1-0"]
[ECO "A04"]
[WhiteElo "2389"]
[BlackElo "2213"]
[Annotator "Alpernas,Grisha"]
[PlyCount "111"]
[TimeControl "40/120, SD/60;d5"]

1. Nf3 c5 2. g3 Nc6 3. d4 cxd4 4. Nxd4 Nf6 5. Bg2 e5 6.
Nxc6 bxc6 7. O-O Bc5 8. c4 O-O 9. Nc3 Ne8 10. Na4 Be7 11. b3 f5 12. Bb2 Qc7 13.
c5 Ba6 14. Rc1 Rd8 15. Qc2 g6 16. b4 Bg5 17. Qb3+ Rf7 18. Rc2 Ng7 19. Rd1 Ne6
20. e3 f4 21. exf4 exf4 22. Bh3 Nf8 23. Rd6 Bh6 24. Nc3 Re8 25. Rd1 Qe5 26. b5
Qh5 27. Bf1 fxg3 28. hxg3 cxb5 29. Nd5 Ne6 30. Re1 Ref8 31. Bg2 Bg7 32. Bxg7
Kxg7 33. c6 Bc8 34. Qxb5 dxc6 35. Qxc6 Ng5 36. Nf4 Qg4 37. Qc3+ Kh6 38. Qe3 Kg7
39. Rc5 h6 40. Rec1 Bf5 41. Rc7 h5 42. Rxa7 h4 43. Rxf7+ Rxf7 44. Bd5 Rd7 45.
Qe5+ Kh7 46. Rc7 Rxc7 47. Qxc7+ Kh6 48. Qc3 hxg3 49. Qxg3 Qd1+ 50. Kh2 Bg4 51.
Qd3 Nf3+ 52. Bxf3 Qxd3 53. Nxd3 Bxf3 54. Kg3 Be2 55. Nc5 Kg5 56. a4 1-0

[Event "Oregon Closed 2015"]
[Site "Portland"]
[Date "2015.02.15"]
[Round "7"]
[White "Raptis, Nick"]
[Black "Saputra, Yogi"]
[Result "1-0"]
[ECO "E69"]
[WhiteElo "2389"]
[BlackElo "2113"]
[Annotator "Alpernas,Grisha"]
[PlyCount "81"]
[TimeControl "40/120, SD/60;d5"]

1. Nf3 Nf6 2. c4 g6 3. g3 Bg7 4. Bg2 O-O 5. O-O d6 6. d4
Nbd7 7. Nc3 e5 8. h3 c6 9. e4 Qc7 10. Be3 a6 11. Rc1 Rd8 12. Qc2 b6 13. Rfd1
Bb7 14. a3 c5 15. dxe5 Nxe5 16. Nd2 Rab8 17. f4 Ned7 18. a4 Rbc8 19. Qd3 Nb8
20. g4 Nc6 21. g5 Nb4 22. Qe2 Nd7 23. h4 Nb8 24. Bh3 N8c6 25. Nd5 Nxd5 26. cxd5
Nd4 27. Qf2 f5 28. gxf6 Bxf6 29. Nf3 Nxf3+ 30. Qxf3 Bxb2 31. Rc2 Bf6 32. Be6+
Kg7 33. h5 Re8 34. Rg2 Rxe6 35. dxe6 Qc6 36. hxg6 Qxe4 37. gxh7+ Kh8 38. Qxe4
Bxe4 39. Rg8+ Rxg8+ 40. hxg8=Q+ Kxg8 41. Rxd6 1-0

[Event "Oregon Closed 2015"]
[Site "Portland"]
[Date "2015.02.15"]
[Round "7"]
[White "Russell, Corey"]
[Black "Cigan, Jason"]
[Result "1-0"]
[ECO "D85"]
[WhiteElo "2237"]
[BlackElo "2159"]
[Annotator "Alpernas,Grisha"]
[PlyCount "57"]
[TimeControl "40/120, SD/60;d5"]

1. d4 Nf6 2. c4 g6 3. Nc3 d5 4. cxd5 Nxd5 5. e4 Nxc3 6.
bxc3 Bg7 7. Nf3 c5 8. Rb1 O-O 9. Be2 b6 10. O-O Qc7 11. Bg5 Bb7 12. Qd3 e6 13.
Qe3 Nd7 14. e5 a6 15. Nd2 b5 16. Be7 Rfc8 17. Bd6 cxd4 18. cxd4 Qc3 19. Qxc3
Rxc3 20. a4 Bh6 21. Bf3 Bxf3 22. Nxf3 bxa4 23. Rb7 Nf8 24. h4 Rd8 25. Ra7 Rc6
26. Ra1 Nd7 27. Be7 Rcc8 28. Bxd8 Rxd8 29. Rxa6 1-0

[Event "Oregon Closed 2015"]
[Site "Portland"]
[Date "2015.02.14"]
[Round "5"]
[White "Russell, Corey"]
[Black "Deeth, Steven"]
[Result "1/2-1/2"]
[ECO "D36"]
[WhiteElo "2237"]
[BlackElo "2109"]
[Annotator "Alpernas,Grisha"]
[PlyCount "57"]
[TimeControl "40/120, SD/60;d5"]

1. d4 d5 2. Nf3 Nf6 3. c4 c6 4. Nc3 e6 5. cxd5 exd5 6.
Bg5 Be7 7. Qc2 g6 8. e4 dxe4 9. Bxf6 Bxf6 10. Qxe4+ Qe7 11. Bc4 Bf5 12. Qxe7+
Bxe7 13. O-O O-O 14. Rfe1 Bf6 15. h3 h5 16. Ne4 Bxe4 17. Rxe4 Nd7 18. Rae1 Nb6
19. Bb3 Rad8 20. h4 Kg7 21. R1e2 a5 22. a3 Rd6 23. Ne5 Nd5 24. Nc4 Rd7 25. Nxa5
Nb6 26. Kh2 Ra8 27. Nc4 Nxc4 28. Bxc4 Rad8 29. g3 1/2-1/2

[Event "Oregon Closed 2015"]
[Site "Portland"]
[Date "2015.02.16"]
[Round "9"]
[White "Russell, Corey"]
[Black "Esler, Brian"]
[Result "1-0"]
[ECO "B57"]
[WhiteElo "2237"]
[BlackElo "2194"]
[Annotator "Alpernas,Grisha"]
[PlyCount "125"]
[TimeControl "40/120, SD/60;d5"]

1. e4 c5 2. Nf3 d6 3. d4 cxd4 4. Nxd4 Nf6 5. Nc3 Nc6 6.
Bc4 Qb6 7. Nb3 a6 8. h3 e6 9. Be3 Qc7 10. a4 Nb4 11. Bd3 d5 12. O-O Be7 13.
exd5 Nfxd5 14. Nxd5 Nxd5 15. Bd2 Nf4 16. Qg4 Nxd3 17. cxd3 Bf6 18. Bc3 Bxc3 19.
Rac1 Qb6 20. Rxc3 O-O 21. a5 Qd6 22. Nc5 e5 23. Qe4 Rb8 24. Rfc1 f5 25. Qc4+
Kh8 26. Rb3 b5 27. axb6 Rxb6 28. Rxb6 Qxb6 29. Qc3 f4 30. Qxe5 f3 31. g4 Qh6
32. Rc4 Qxh3 33. Qg3 Qxg3+ 34. fxg3 h5 35. Kf2 Bxg4 36. Nxa6 Ra8 37. Nc5 Ra1
38. Rc2 Rh1 39. Ke3 Rh3 40. Ne4 h4 41. Nf2 Rxg3 42. Rc4 Bd7 43. Rxh4+ Kg8 44.
Kf4 Rg1 45. Kxf3 g5 46. Rd4 Bc6+ 47. Ne4 Kf7 48. Kf2 Rb1 49. Nxg5+ Kg6 50. Rd6+
Kxg5 51. Rxc6 Rxb2+ 52. Ke3 Kf5 53. Kd4 Rb1 54. Kd5 Rd1 55. d4 Rd2 56. Kc5 Rc2+
57. Kd5 Rd2 58. Rh6 Rd1 59. Kc5 Rc1+ 60. Kd6 Ra1 61. Rh5+ Ke4 62. d5 Ra6+ 63.
Ke7 1-0

[Event "Oregon Closed 2015"]
[Site "Portland"]
[Date "2015.02.08"]
[Round "4"]
[White "Russell, Corey"]
[Black "Raptis, Nick"]
[Result "0-1"]
[ECO "C11"]
[WhiteElo "2237"]
[BlackElo "2389"]
[Annotator "Alpernas,Grisha"]
[PlyCount "64"]
[TimeControl "40/120, SD/60;d5"]

1. e4 e6 2. d4 d5 3. Nc3 Nf6 4. e5 Nfd7 5. f4 c5 6. Nf3
Nc6 7. Be3 Be7 8. dxc5 O-O 9. Qd2 Nxc5 10. O-O-O b6 11. f5 d4 12. Bxd4 Nxd4 13.
Qxd4 Qxd4 14. Nxd4 exf5 15. Bc4 g6 16. Bd5 Bb7 17. Bxb7 Nxb7 18. Kb1 Bc5 19.
Nd5 Bxd4 20. Rxd4 Rfd8 21. Rhd1 Kg7 22. b4 Rd7 23. Nf6 Rxd4 24. Rxd4 Rd8 25.
Rc4 Rd1+ 26. Kb2 Nd6 27. Rh4 g5 28. Rxh7+ Kg6 29. Rh8 Nc4+ 30. Kc3 Nxe5 31. Nh5
f4 32. h4 f6 0-1

[Event "Oregon Closed 2015"]
[Site "Portland"]
[Date "2015.02.16"]
[Round "?"]
[White "Russell, Corey"]
[Black "Seitzer, Phillip"]
[Result "0-1"]
[ECO "D15"]
[WhiteElo "2237"]
[BlackElo "2178"]
[Annotator "Alpernas,Grisha"]
[PlyCount "62"]
[TimeControl "40/120, SD/60;d5"]

1. d4 d5 2. Nf3 Nf6 3. c4 c6 4. Nc3 dxc4 5. e3 b5 6. a4
b4 7. Na2 a5 8. Bxc4 e6 9. O-O Be7 10. Bd2 O-O 11. Nc1 Nbd7 12. Nb3 c5 13. dxc5
Nxc5 14. Nxc5 Bxc5 15. Qc2 Bb7 16. Rfd1 Qc7 17. Be2 Rac8 18. h3 Ne4 19. Be1 Qb6
20. Qd3 Rfd8 21. Qb5 Bd5 22. Qxb6 Bxb6 23. Ba6 Rc2 24. Bd3 Rxb2 25. Bxe4 Bxe4
26. Rxd8+ Bxd8 27. Rd1 Bf6 28. Nd4 g6 29. f3 Bd5 30. Bg3 Ra2 31. e4 Ra1 0-1

[Event "Oregon Closed 2015"]
[Site "Portland"]
[Date "2015.02.08"]
[Round "4"]
[White "Saputra, Yogi"]
[Black "Bjorksten, Lennart"]
[Result "0-1"]
[ECO "E55"]
[WhiteElo "2113"]
[BlackElo "2147"]
[Annotator "Alpernas,Grisha"]
[PlyCount "86"]
[TimeControl "40/120, SD/60;d5"]

1. d4 Nf6 2. c4 e6 3. Nc3 Bb4 4. e3 O-O 5. Bd3 d5 6. Nf3
c5 7. O-O dxc4 8. Bxc4 Nbd7 9. Bd2 b6 10. a3 Bxc3 11. Bxc3 Ne4 12. Rc1 Bb7 13.
Qe2 Qe7 14. Rfd1 Rfd8 15. dxc5 Nxc3 16. Rxc3 Nxc5 17. b4 Rxd1+ 18. Qxd1 Rd8 19.
Qa1 Ne4 20. Rd3 Nd6 21. Qd1 Bxf3 22. gxf3 Nb7 23. Rxd8+ Nxd8 24. Qd4 Nb7 25.
Bd3 Nd6 26. Kg2 h6 27. Kf1 Kf8 28. Ke2 Ne8 29. Kd2 Qd6 30. Qxd6+ Nxd6 31. f4 g5
32. fxg5 hxg5 33. Ke2 Ke7 34. Kf3 f5 35. Kg3 Kf6 36. f3 e5 37. h4 gxh4+ 38.
Kxh4 e4 39. fxe4 fxe4 40. Be2 Nf5+ 41. Kg4 Ke5 42. a4 Nxe3+ 43. Kg5 Nd5 0-1

[Event "Oregon Closed 2015"]
[Site "Portland"]
[Date "2015.02.07"]
[Round "1"]
[White "Saputra, Yogi"]
[Black "Cigan, Jason"]
[Result "0-1"]
[ECO "D85"]
[WhiteElo "2113"]
[BlackElo "2159"]
[Annotator "Alpernas,Grisha"]
[PlyCount "94"]
[TimeControl "40/120, SD/60;d5"]

1. d4 Nf6 2. c4 g6 3. Nc3 d5 4. cxd5 Nxd5 5. e4 Nxc3 6.
bxc3 Bg7 7. Be3 c5 8. Rc1 Qa5 9. Qd2 O-O 10. Nf3 Rd8 11. d5 e6 12. c4 Qxd2+ 13.
Nxd2 b6 14. Be2 Na6 15. O-O Nb4 16. a3 Na2 17. Rc2 Nc3 18. Bd3 Ba6 19. Bg5 Rd7
20. Rfc1 h6 21. Bh4 exd5 22. exd5 Nxd5 23. Be4 Nf4 24. Bxa8 Ne2+ 25. Kf1 Nxc1
26. Bf3 Nd3 27. Bg3 Ne5 28. Be2 Nc6 29. Ne4 Nd4 30. Rd2 Re7 31. Nd6 Be5 32.
Bxe5 Rxe5 33. Bd3 Re6 34. Nb5 Bxb5 35. cxb5 Nb3 36. Rb2 Nd4 37. f3 Kg7 38. Kf2
f5 39. Bc4 Re7 40. a4 f4 41. a5 Nf5 42. a6 Ne3 43. Be2 c4 44. g3 g5 45. gxf4
gxf4 46. Rb1 Rc7 47. Rc1 Kf6 0-1

[Event "Oregon Closed 2015"]
[Site "Portland"]
[Date "2015.02.14"]
[Round "6"]
[White "Saputra, Yogi"]
[Black "Haessler, Carl"]
[Result "1-0"]
[ECO "A50"]
[WhiteElo "2113"]
[BlackElo "2213"]
[Annotator "Alpernas,Grisha"]
[PlyCount "109"]
[TimeControl "40/120, SD/60;d5"]

1. d4 Nf6 2. c4 Nc6 3. Nf3 e6 4. e3 d5 5. Be2 Be7 6. O-O
O-O 7. Nc3 b6 8. Ne5 Bb7 9. f4 Ne4 10. Nxe4 dxe4 11. Nxc6 Bxc6 12. Bd2 a5 13.
Bc3 Bb4 14. Qd2 Qe7 15. Rfd1 Rfd8 16. a4 Bxc3 17. Qxc3 Be8 18. Qc2 f5 19. Qb3
Rab8 20. Qc3 c5 21. Rd2 g5 22. fxg5 Qxg5 23. b3 Qg7 24. Rad1 Rd6 25. Qc2 cxd4
26. Rxd4 Rxd4 27. Rxd4 Qg5 28. Qd2 Bf7 29. Rd7 Rf8 30. g3 h5 31. Kf2 h4 32. Qd6
hxg3+ 33. Qxg3 Qxg3+ 34. Kxg3 e5 35. Rb7 Be8 36. Rxb6 f4+ 37. Kf2 f3 38. Bf1
Kf7 39. Ra6 Rh8 40. h3 Bd7 41. Rxa5 Kf6 42. Ra6+ Ke7 43. Ra7 Rb8 44. c5 Kd8 45.
Bc4 Bxh3 46. Rh7 Bd7 47. Rh8+ Kc7 48. Rxb8 Kxb8 49. Bd5 Bf5 50. b4 Ka7 51. b5
Bh7 52. a5 Bf5 53. b6+ Ka6 54. Bc4+ Kb7 55. a6+ 1-0

[Event "Oregon Closed 2015"]
[Site "Portland"]
[Date "2015.02.15"]
[Round "8"]
[White "Saputra, Yogi"]
[Black "Russell, Corey"]
[Result "1-0"]
[ECO "A70"]
[WhiteElo "2113"]
[BlackElo "2237"]
[Annotator "Alpernas,Grisha"]
[PlyCount "99"]
[TimeControl "40/120, SD/60;d5"]

1. d4 Nf6 2. c4 c5 3. d5 e6 4. Nc3 exd5 5. cxd5 d6 6. Nf3
g6 7. e4 Bg7 8. Bd3 O-O 9. O-O a6 10. a4 Bg4 11. h3 Bxf3 12. Qxf3 Nbd7 13. Bf4
Qc7 14. Rfe1 Rfe8 15. Rad1 Rab8 16. Qe2 Nh5 17. Bh2 Be5 18. Bxe5 Nxe5 19. Qe3
c4 20. Bb1 b5 21. f4 Nd7 22. axb5 axb5 23. Qf3 b4 24. Ne2 Qb6+ 25. Kh2 Nhf6 26.
g4 Nc5 27. Nd4 Nd3 28. Rxd3 cxd3 29. Nc6 Rbc8 30. Rc1 Rxc6 31. dxc6 d2 32. Rd1
Qxc6 33. Rxd2 Qc1 34. Qd1 Qxd1 35. Rxd1 Nxe4 36. Rd4 Nc5 37. Rxb4 Re1 38. Ba2
Nd3 39. Rb8+ Kg7 40. Rb7 Re2+ 41. Kg3 Rxb2 42. Rxf7+ Kh8 43. Bc4 Rb8 44. Rf6
Nc5 45. Bd5 Rd8 46. Kh4 Rd7 47. Rf8+ Kg7 48. Rg8+ Kf6 49. g5+ Ke7 50. Rh8 1-0

[Event "Oregon Closed 2015"]
[Site "Portland"]
[Date "2015.02.15"]
[Round "7"]
[White "Seitzer, Phillip"]
[Black "Bjorksten, Lennart"]
[Result "1-0"]
[ECO "B03"]
[WhiteElo "2178"]
[BlackElo "2147"]
[Annotator "Alpernas,Grisha"]
[PlyCount "65"]
[TimeControl "40/120, SD/60;d5"]

1. e4 Nf6 2. e5 Nd5 3. d4 d6 4. c4 Nb6 5. exd6 exd6 6.
Nf3 Bg4 7. b3 Be7 8. Be2 O-O 9. O-O Bf6 10. Bb2 Nc6 11. Nbd2 d5 12. c5 Nc8 13.
a3 a5 14. Ne5 Bxe2 15. Qxe2 Nxe5 16. dxe5 Re8 17. Nf3 b6 18. b4 bxc5 19. bxc5
Be7 20. Rac1 c6 21. Nd4 Qd7 22. a4 Bd8 23. f4 Bc7 24. Qh5 Ne7 25. Rf3 Rab8 26.
Bc3 g6 27. Qh6 Nf5 28. Nxf5 Qxf5 29. Rh3 Red8 30. e6 d4 31. e7 g5 32. exd8=Q+
Rxd8 33. Bd2 1-0

[Event "Oregon Closed 2015"]
[Site "Portland"]
[Date "2015.02.08"]
[Round "3"]
[White "Seitzer, Phillip"]
[Black "Grabinsky, Aaron"]
[Result "1/2-1/2"]
[ECO "C07"]
[WhiteElo "2178"]
[BlackElo "2316"]
[Annotator "Alpernas,Grisha"]
[PlyCount "98"]
[TimeControl "40/120, SD/60;d5"]

1. e4 e6 2. d4 d5 3. Nd2 a6 4. Bd3 c5 5. dxc5 Bxc5 6.
Ngf3 Nc6 7. O-O Nb4 8. Be2 dxe4 9. Nxe4 Qxd1 10. Rxd1 Be7 11. a3 Nc6 12. Bf4
Nf6 13. Nd6+ Bxd6 14. Bxd6 Ne4 15. Ne5 Nxe5 16. Bxe5 f6 17. Rd4 Ng5 18. Bh5+
Nf7 19. Bc7 e5 20. Rb4 O-O 21. Bf3 Re8 22. Rd1 Re7 23. Bb6 Bf5 24. Bd5 Rc8 25.
c4 Be6 26. Bxe6 Rxe6 27. c5 Kf8 28. Rb3 Re7 29. Rc3 Ke8 30. Rcd3 Ng5 31. b4 Ne6
32. g3 g5 33. Rd6 Kf7 34. R1d5 Nf8 35. Bd8 Re6 36. a4 Rxd6 37. Rxd6 Ne6 38.
Rd7+ Ke8 39. Re7+ Kxd8 40. Rxe6 Rc6 41. Rxc6 bxc6 42. Kf1 Kd7 43. Ke2 Ke6 44.
Kd3 f5 45. Kc4 f4 46. gxf4 gxf4 47. b5 cxb5+ 48. axb5 axb5+ 49. Kxb5 Kd7
1/2-1/2

[Event "Oregon Closed 2015"]
[Site "Portland"]
[Date "2015.02.14"]
[Round "5"]
[White "Seitzer, Phillip"]
[Black "Saputra, Yogi"]
[Result "1-0"]
[ECO "C45"]
[WhiteElo "2178"]
[BlackElo "2113"]
[Annotator "Alpernas,Grisha"]
[PlyCount "69"]
[TimeControl "40/120, SD/60;d5"]

1. e4 e5 2. Nf3 Nc6 3. d4 exd4 4. Nxd4 Bc5 5. Be3 Qf6 6.
c3 d6 7. g3 Nge7 8. Bg2 O-O 9. O-O Bd7 10. f4 Bb6 11. Nc2 Rad8 12. Nd2 Qg6 13.
Bxb6 axb6 14. Ne3 f5 15. Nd5 Nxd5 16. exd5 Nb8 17. Nf3 Na6 18. b4 c5 19. Rb1
Qf6 20. Qd2 Bc8 21. a4 Nc7 22. bxc5 bxc5 23. Rb6 Rfe8 24. c4 Re4 25. Ng5 Rxc4
26. a5 Qd4+ 27. Qxd4 Rxd4 28. Ne6 Nxe6 29. dxe6 d5 30. Re1 Re8 31. Rd6 Rxe6 32.
Rdxe6 Bxe6 33. Rxe6 c4 34. Re5 Rd1+ 35. Kf2 1-0